Map: Eternal Empire LE

Players

Reynor - Winner!

  • Race: Zerg Zerg
  • League: Master
  • Spawn Location: 1:00

Lambo

  • Race: Zerg Zerg
  • Spawn Location: 7:00

Event: DreamHack SC2 Masters 2020 Fall

VOD

Have the link to the VOD?

Description

Time

  • Played on: Aug. 26, 2020, 11:38 a.m.
  • Length: 11:58

All games in this series

Show
View Real Time Build Order
Export as new Build Order

Reynor Zerg - Winner!

Build Orders: Hatch First 

Get SALT Encoding   

  12  0:00  Drone  
  13  0:12  Overlord  
  13  0:16  Drone  
  14  0:30  Drone x2  
  16  0:48  Hatchery  
  15  0:51  Drone  
  15  0:54  Drone  
  17  0:58  Drone  
  18  1:09  Extractor  
  17  1:14  Spawning Pool  
  17  1:17  Drone  
  17  1:20  Drone  
  18  1:27  Drone  
  19  1:38  Drone  
  20  1:48  Drone  
  21  2:01  Queen x2, Zergling x4  
  27  2:10  Spine Crawler  
  27  2:13  Zergling x4  
  28  2:21  Overlord  
  28  2:42  Zergling x6  
  29  2:48  Zergling x4  
  25  2:52  Queen  
  25  2:58  Zergling x2  
  21  3:04  Zergling x2  
  21  3:16  Spine Crawler  
  20  3:28  Queen  
  20  3:33  Zergling x2  
  23  3:38  Zergling x2  
  24  3:41  Zergling x2  
  24  3:45  Drone  
  26  3:50  Zergling x2  
  26  4:00  Zergling x2  
  26  4:01  Zergling x2  
  23  4:03  Zergling x2  
  21  4:16  Zergling x6  
  23  4:20  Zergling x2  
  24  4:24  Drone  
  24  4:30  Drone  
  26  4:36  Drone  
  26  4:38  Drone  
  28  4:46  Queen  
  30  4:55  Zergling x2  
  30  5:00  Drone  
  30  5:02  Drone x2  
  33  5:10  Drone  
  33  5:12  Drone  
  35  5:21  Drone  
  35  5:25  Overlord  
  36  5:33  Baneling Nest  
  36  5:35  Drone  
  36  5:40  Metabolic Boost  
  36  5:41  Overlord  
  36  5:44  Drone x2  
  36  5:49  Drone  
  39  5:52  Evolution Chamber  
  39  5:53  Drone  
  39  5:56  Drone  
  40  5:58  Drone  
  40  6:01  Drone  
  42  6:04  Drone  
  42  6:06  Drone  
  42  6:11  Drone x2  
  46  6:16  Baneling x2  
  46  6:18  Drone x2  
  48  6:23  Overlord  
  48  6:26  Drone x2  
  48  6:27  Drone  
  51  6:39  Extractor  
  50  6:44  Drone x2, Hatchery  
  51  6:53  Zerg Ground Armor Level 1  
  51  6:55  Zergling x8  
  51  6:56  Zergling x2  
  51  7:00  Zergling x4  
  51  7:01  Zergling x2  
  59  7:06  Zergling x2  
  59  7:08  Overlord  
  60  7:14  Drone, Evolution Chamber  
  60  7:15  Overlord  
  60  7:26  Drone x3  
  60  7:27  Drone x2  
  60  7:28  Queen  
  66  7:32  Drone x2  
  66  7:34  Drone x3  
  70  7:41  Zerg Melee Weapons Level 1  
  70  7:42  Queen  
  72  7:46  Overlord  
  72  7:47  Drone  
  72  7:51  Drone x2  
  75  7:57  Queen  
  77  7:58  Extractor  
  77  8:01  Zergling x6  
  79  8:09  Drone x2  
  79  8:12  Overlord  
  79  8:14  Drone x2  
  80  8:20  Drone x2  
  80  8:21  Lair  
  80  8:24  Spore Crawler  
  80  8:26  Drone x5, Extractor  
  80  8:27  Drone, Extractor  
  83  8:31  Spore Crawler  
  83  8:33  Drone, Extractor, Spore Crawler  
  83  8:34  Drone  
  82  8:36  Drone  
  82  8:38  Drone  
  82  8:39  Drone x2  
  86  8:45  Spore Crawler  
  85  8:53  Overlord  
  77  8:55  Zergling x2  
  77  8:56  Zergling x8  
  81  9:03  Spore Crawler  
  81  9:06  Drone  
  81  9:12  Drone  
  81  9:13  Drone  
  81  9:14  Zergling x8  
  87  9:20  Spire  
  86  9:24  Zergling x6  
  86  9:25  Overlord x2  
  86  9:26  Overlord  
  86  9:30  Drone, Spore Crawler  
  89  9:42  Overlord  
  89  9:43  Hatchery  
  88  9:56  Drone x5  
  93  10:03  Overlord  
  92  10:08  Unknown  
  92  10:11  Drone x3  
  93  10:16  Spore Crawler  
  92  10:26  Overlord  
  92  10:33  Mutalisk x14  
  92  10:34  Mutalisk x2  
  124  10:36  Mutalisk x2  
  128  10:48  Mutalisk  
  130  10:51  Zergling x2  
  130  10:52  Zergling x10  
  130  10:53  Zergling x4  
  138  10:57  Mutalisk  
  138  11:00  Overlord  
  138  11:04  Mutalisk x2  
  140  11:07  Overlord  
  144  11:16  Overlord  
  144  11:19  Mutalisk x3  
  144  11:22  Mutalisk  
  144  11:24  Overlord  
  148  11:29  Mutalisk  
  148  11:31  Zergling x24  
  156  11:33  Mutalisk  
  156  11:35  Zergling x2  
  156  11:36  Zergling x2  
  162  11:42  Drone  
  162  11:44  Drone x2  
Show
View Real Time Build Order
Export as new Build Order

Lambo Zerg 

Build Orders: 1 Base Baneling Bust, Pool First, Lurkers, Zergling Baneling 

Get SALT Encoding   

  12  0:13  Extractor  
  11  0:18  Spawning Pool  
  10  0:24  Drone  
  11  0:28  Drone  
  11  0:33  Drone  
  13  0:45  Overlord  
  13  1:05  Zergling x4  
  13  1:07  Zergling x2  
  16  1:14  Metabolic Boost  
  16  1:18  Zergling x2  
  17  1:29  Zergling x2  
  18  1:36  Baneling Nest  
  17  1:41  Zergling x2  
  18  1:51  Zergling x2  
  19  2:01  Zergling x2  
  22  2:18  Zergling x2  
  22  2:21  Baneling x2  
  21  2:25  Overlord  
  21  2:29  Baneling  
  21  2:30  Baneling  
  21  2:34  Zergling x2  
  22  2:43  Queen  
  23  2:48  Zergling x2  
  21  2:55  Zergling x2  
  21  3:09  Zergling x2  
  21  3:16  Zergling x2  
  22  3:28  Baneling  
  22  3:29  Baneling  
  22  3:30  Baneling  
  22  3:31  Baneling  
  22  3:32  Zergling x2  
  23  3:37  Zergling x2  
  24  3:43  Baneling  
  24  3:48  Zergling x2  
  25  3:59  Zergling x6  
  25  4:02  Baneling  
  25  4:13  Drone x2  
  25  4:17  Baneling  
  25  4:29  Baneling  
  25  4:30  Hatchery  
  24  4:33  Drone  
  24  4:38  Drone  
  26  4:42  Baneling  
  26  4:47  Drone  
  26  4:50  Drone  
  28  4:59  Drone x2  
  29  5:08  Drone  
  30  5:16  Overlord  
  30  5:32  Extractor  
  30  5:33  Lair  
  30  5:34  Drone x3  
  32  5:42  Queen  
  34  5:46  Drone  
  34  5:49  Drone  
  36  5:52  Drone  
  38  5:57  Drone  
  38  5:58  Drone  
  38  6:02  Drone  
  40  6:05  Drone  
  41  6:14  Drone x3  
  43  6:19  Overlord  
  43  6:22  Extractor  
  43  6:24  Extractor  
  41  6:25  Drone  
  41  6:27  Drone  
  43  6:36  Spire  
  42  6:40  Drone  
  42  6:41  Drone  
  42  6:45  Drone x2  
  46  6:51  Drone x2  
  46  6:52  Drone  
  49  6:57  Drone  
  49  7:00  Overlord  
  50  7:03  Drone  
  51  7:08  Overlord  
  51  7:28  Drone x3  
  54  7:35  Drone  
  54  7:36  Drone x2  
  55  7:37  Overlord  
  55  7:44  Overlord  
  55  7:47  Mutalisk x4  
  63  7:51  Mutalisk x2  
  63  7:55  Mutalisk  
  69  8:01  Mutalisk  
  71  8:11  Mutalisk x2  
  73  8:24  Mutalisk x2  
  77  8:29  Hatchery  
  76  8:37  Zerg Flyer Weapons Level 1  
  76  8:38  Drone x2  
  76  8:39  Drone  
  79  8:42  Mutalisk  
  81  8:51  Evolution Chamber  
  81  8:55  Mutalisk  
  80  8:57  Overlord  
  80  8:59  Overlord x2  
  80  9:02  Overlord  
  80  9:17  Drone x2, Extractor  
  82  9:19  Zerg Missile Weapons Level 1  
  82  9:21  Mutalisk x2  
  82  9:22  Extractor  
  82  9:24  Drone x4  
  86  9:25  Queen  
  89  9:31  Hydralisk Den  
  89  9:33  Baneling  
  89  9:35  Drone x4  
  89  9:36  Drone  
  93  9:43  Drone x3  
  96  9:46  Drone  
  96  9:47  Drone  
  98  9:53  Drone  
  98  9:57  Drone x4  
  103  10:00  Infestation Pit  
  103  10:02  Baneling x4  
  103  10:04  Zergling x2  
  103  10:09  Zergling x4  
  105  10:14  Drone  
  105  10:18  Lurker Den  
  105  10:22  Drone x4  
  105  10:25  Drone x2  
  111  10:29  Hydralisk  
  111  10:31  Overlord  
  111  10:33  Evolution Chamber  
  111  10:35  Overlord  
  112  10:38  Overlord  
  112  10:42  Hive  
  112  10:47  Hydralisk  
  112  10:48  Hatchery  
  113  10:53  Hydralisk x3  
  119  10:58  Overlord  
  120  11:04  Hydralisk x3  
  124  11:16  Lurker x2  
  124  11:17  Unknown  
  125  11:20  Lurker  
  125  11:21  Lurker  
  125  11:22  Hydralisk  
  129  11:29  Hatchery  
  129  11:31  Hydralisk x2  
  129  11:32  Lurker  
  130  11:35  Drone x3  
  130  11:36  Overlord  
  130  11:37  Overlord  
  130  11:39  Lurker  
  135  11:40  Lurker  

Tags
 
Add a new tag
Caveats
  • Supply blocks, unpowered buildings, or Contaminate may cause inaccurate times.
  • Supply counts are checked every 10 seconds.